AoeStats
← AutoEveryThing

Arabia

509847378Analyzed
2v2 RM · 4d ago on Sep 28, 2026· 57m 5s· 4 players
Game mode
Random Map
Map size
Medium (4 player)
Population
200
Speed
Normal
Resources
Standard
Victory
Conquest
Starting age
Dark Age
Ending age
Imperial Age
RankedLock teamsTeams togetherTeam positionsShared explorationLock speedFull tech treeHidden civsTurbo modeCheats
Victory
Defeat
🇩🇪 Portuguese · Germany
1414
+16
🇦🇺 Chinese · Australia
1402
+16
🇨🇳 Vikings · China
1412
-16
🇨🇳 Persians · China
1411
-16
AutoEveryThing
0:26 Loom
8:47 Feudal Age
10:15 Double-Bit Axe
14:38 Fletching
17:13 Padded Archer Armor
20:37 Castle Age
19:18 Gold Mining
21:20 Bodkin Arrow
21:11 Crossbowman
24:14 Gold Shaft Mining
23:55 Bow Saw
27:45 Leather Archer Armor
36:32 Imperial Age
37:22 Bracer
36:43 Arbalester
39:29 Ballistics
44:24 Ring Archer Armor
45:24 Chemistry
46:44 Wheelbarrow
47:42 Two-Man Saw
46:22 Elite Fire Lancer
47:52 Hand Cart
47:23 Town Watch
47:39 Scale Mail Armor
48:44 Squires
49:22 Chain Mail Armor
49:14 Thumb Ring
49:47 Stone Mining
51:37 Plate Mail Armor
50:56 Arson
I_hate_arabia
8:23 Feudal Age
7:04 Loom
8:55 Double-Bit Axe
9:50 Horse Collar
15:00 Wheelbarrow
18:39 Forging
21:33 Castle Age
20:10 Scale Barding Armor
20:56 Bloodlines
24:17 Hand Cart
23:56 Gold Mining
24:46 Chain Barding Armor
24:45 Husbandry
27:32 Town Watch
29:50 Heavy Plow
32:44 Bow Saw
35:56 Imperial Age
34:35 Fervor
35:50 Stone Mining
37:10 Iron Casting
36:52 Cavalier
38:15 Plate Barding Armor
38:41 Blast Furnace
40:49 Treadmill Crane
41:20 Masonry
41:30 Ballistics
42:11 Chemistry
42:01 Fletching
42:44 Architecture
43:07 Conscription
44:54 Two-Man Saw
44:11 Arquebus
45:56 Crop Rotation
46:00 Guard Tower
48:37 Keep
48:08 Siege Engineers
53:17 Murder Holes
56:42 Guilds
秦墨子
6:08 Loom
9:15 Feudal Age
11:26 Wheelbarrow
17:31 Gold Mining
21:33 Castle Age
20:07 Forging
20:02 Scale Barding Armor
20:35 Bloodlines
24:17 Husbandry
27:41 Town Watch
35:15 Town Patrol
35:58 Hand Cart
37:48 Iron Casting
37:34 Chain Barding Armor
41:31 Imperial Age
41:13 Cavalier
41:14 Heavy Camel Rider
43:29 Conscription
44:46 Scale Mail Armor
44:38 Light Cavalry
45:29 Squires
45:14 Arson
45:30 Pikeman
46:27 Chain Mail Armor
48:59 Hussar
53:54 Double-Bit Axe
53:51 Horse Collar
54:31 Elite Skirmisher
无助小羊
6:52 Loom
9:27 Feudal Age
10:32 Double-Bit Axe
14:54 Fletching
20:02 Castle Age
18:33 Padded Archer Armor
18:50 Gold Mining
20:07 Crossbowman
20:44 Bodkin Arrow
23:00 Ballistics
23:07 Leather Archer Armor
23:47 Squires
24:23 Bow Saw
24:49 Horse Collar
32:49 Imperial Age
32:58 Arbalester
33:40 Bracer
34:42 Chemistry
38:04 Ring Archer Armor
36:58 Pikeman
39:47 Conscription
41:04 Scale Mail Armor
43:57 Chain Mail Armor
44:30 Gold Shaft Mining
45:07 Forging
47:06 Elite Skirmisher
47:48 Elite Skirmisher
48:46 Town Watch
52:42 Stone Mining
Connection lost

Rejoining the realm…

Still unreachable

The connection could not be restored.

Session expired

The server has moved on; the page needs a fresh start.